 Dungeon Crawl Stone Soup version 0.28.0-43-g3370ac3207 (webtiles) character file.

Game seed: 7137700145236917650

45 weregamer the Insei (level 3, -5/26 HPs)
             Began as a Human Transmuter on Mar 28, 2022.
             Was an Initiate of Ashenzari.
             Slain by a gnoll
             ... wielding a +0 halberd
              (16 damage)
             ... on level 2 of the Dungeon.
             The game lasted 00:25:11 (1690 turns).

weregamer the Insei (Human Transmuter)              Turns: 1690, Time: 00:25:11

Health: -5/26      AC:  2    Str: 10    XL:     3   Next: 90%
Magic:  2/6        EV: 12    Int: 15    God:    Ashenzari [......]
Gold:   48         SH:  0    Dex: 19    Spells: 2/6 levels left

rFire   . . .      SeeInvis .     - Unarmed
rCold   . . .      Faith    .   (no shield)
rNeg    . . .      Spirit   .   a - +0 robe
rPois   .          Reflect  .   (helmet currently unavailable)
rElec   .          Harm     .   (no cloak)
rCorr   .          Rampage  .   (no gloves)
Will    .....                   (boots currently unavailable)
Stlth   ++........              (no amulet)
HPRegen 0.08/turn               h - +6 ring of dexterity
MPRegen 0.10/turn               (no ring)

@: appendages (expiring)
A: horns 2, talons 2
a: End Transformation, Renounce Religion, Curse Item


You were on level 2 of the Dungeon.
You worshipped Ashenzari.
Ashenzari was noncommittal.
You had temporarily grown beastly horns and talons.
You visited 1 branch of the dungeon, and saw 2 of its levels.

You collected 48 gold pieces.

Inventory:

Missiles
 f - 20 stones
Armour
 a - a +0 robe (worn)
 b - a +0 ring mail
 c - a +0 robe
 e - a +0 chain mail
Jewellery
 h - a +6 ring of dexterity (left hand)
Scrolls
 d - 2 scrolls of identify
 i - a scroll of immolation
Potions
 g - a potion of haste
 j - a potion of curing


   Skills:
 * Level 1.2 Fighting
 * Level 0.9 Armour
 + Level 2.1 Dodging
 * Level 0.9 Stealth
 + Level 3.2 Unarmed Combat
 + Level 2.2 Spellcasting
 * Level 1.1 Summonings
 * Level 2.2 Transmutations


You had 2 spell levels left.
You knew the following spells:

 Your Spells              Type           Power      Damage    Failure   Level
a - Beastly Appendage     Tmut           16%        N/A       9%          1
b - Summon Small Mammal   Summ           20%        N/A       14%         1
c - Wereblood             Tmut           8%         N/A       13%         2

Your spell library contained the following spells:

 Spells                   Type           Power      Damage    Failure   Level
 Call Canine Familiar     Summ           5%         N/A       38%         3
 Spider Form              Tmut/Pois      5%         N/A       38%         3
 Summon Guardian Golem    Hex/Summ       3%         N/A       45%         3
 Ice Form                 Ice/Tmut       5%         N/A       80%         4


Dungeon Overview and Level Annotations

Branches:
Dungeon (2/15)

Altars:
Ashenzari


Innate Abilities, Weirdness & Mutations

You have temporarily grown beastly horns and talons.


Message History

Your bat's corpse disappears in a puff of smoke!
A gnoll comes into view. It is wielding a +0 club.
Your rat bites the gnoll.
Casting: Summon Small Mammal (safe; 14% risk of failure)
Confirm with . or Enter, or press ? or * to list all spells.
You grow a pair of large bovine horns.
Your feet morph into talons.
The gnoll barely misses you. The gnoll closely misses your rat.
Your rat barely misses the gnoll.
The gnoll closely misses you.
The gnoll hits your rat with a +0 halberd.
Your rat dies!
Your rat's corpse disappears in a puff of smoke!
Your magical contamination has completely faded away.
The gnoll barely misses you.
The gnoll hits you from afar with a +0 spear.
The gnoll hits you from afar with a +0 spear.
The gnoll closely misses you.
The gnoll hits you from afar with a +0 halberd.
You hit the gnoll. You claw the gnoll. You headbutt the gnoll.
You kill the gnoll!
The gnoll hits you from afar with a +0 halberd.
You punch the gnoll! You claw the gnoll, but do no damage.
Your headbutt misses the gnoll.
The gnoll is heavily wounded.
The gnoll barely misses you.
A gnoll comes into view. It is wielding a +0 whip.
The gnoll barely misses you.
You hit the gnoll but do no damage. Your punch misses the gnoll.
The gnoll is heavily wounded.
Your transformation is almost over.
The gnoll misses you. x2
You hit the gnoll. You claw the gnoll.
The gnoll is almost dead.
The gnoll hits you with a +0 club. The gnoll closely misses you.
You hit the gnoll.
You kill the gnoll!
The gnoll barely misses you. The gnoll hits you with a +0 whip.
The gnoll hits you with a +0 halberd!
Ouch! That really hurt!
You die...

#.# #.# ## #.# .. #.# .#
# #.# .# ## #†### .# .##
#.#.## .# .##
..###....########g#....#
..+.............@g......
..#...........###.......
.##.#..<.####.# ..$....
###.#.....###.# ##.###.
# #.##........# .#
#.####..##### .
#.####..# # #.......#
#######.#


You could see 2 gnolls.

Vanquished Creatures
  2 gnolls (D:2)
  3 endoplasms (D:1)
  3 goblins
  3 hobgoblins
  4 jackals (D:1)
  A quokka (D:1)
  2 ball pythons (D:1)
  2 bats
  A frilled lizard (D:1)
  A kobold (D:1)
22 creatures vanquished.

Vanquished Creatures (collateral kills)
  A giant cockroach (D:1)
1 creature vanquished.

Grand Total: 23 creatures vanquished

Notes
Turn   | Place    | Note
-------+----------+-------------------------------------------
     0 | D:1      | weregamer the Human Transmuter began the quest for the Orb.
     0 | D:1      | Reached XP level 1. HP: 15/15 MP: 3/3
   336 | D:1      | Learned a level 1 spell: Summon Small Mammal
   350 | D:1      | Reached XP level 2. HP: 13/21 MP: 1/5
   411 | D:1      | Learned a level 2 spell: Wereblood
   851 | D:1      | Found a faded altar of an unknown god.
   859 | D:1      | Prayed at the altar of an unknown god.
   859 | D:1      | Became a worshipper of Ashenzari the Shackled
  1189 | D:1      | Reached XP level 3. HP: 23/26 MP: 4/6
  1247 | D:1      | Reached skill level 1 in Summonings
  1690 | D:2      | Slain by a gnoll

Illustrated notes

Levels and vault maps discovered:
D:1:      saegor_arrival_fortress, layout_basic, shapermc_ecumenical_altar_gd
D:2:      layout_loops_corners, serial_shops, nicolae_shop_window_shopping,
          uniq_jessica, uniq_sigmund

Skill      XL: |  1  2  3 |
---------------+----------+-----
Summonings     | 1 |  1.1
Fighting       | |  1.2
Armour         | |  0.9
Dodging        | |  2.1
Stealth        | |  0.9
Unarmed Combat | |  3.2
Spellcasting   | |  2.2
Transmutations | |  2.2

Action                   || total
-------------------------++-------
Melee: Unarmed           ||    58
       Kick              ||    14
       Headbutt          ||     7
       Punch             ||     2
 Cast: Beastly Appendage ||    13
       Summon Small Mamm ||    15
       Wereblood         ||     3
  Use: Scroll            ||     4
Armor: Robe              ||     6
       Ring mail         ||     1
Dodge: Dodged            ||    46
